 Dungeon Crawl Stone Soup version 0.27.1-4-g1640c2035a (webtiles) character file.

Game seed: 7281794313381410765

3222 styxcanada the Covert (level 9, -20/44 HPs)
             Began as a Spriggan Brigand on Nov 5, 2021.
             Was an Initiate of Gozag.
             Demolished by a death yak (21 damage)
             ... on level 8 of the Dungeon on Nov 6, 2021.
             The game lasted 00:53:42 (12340 turns).

styxcanada the Covert (Spriggan Brigand)           Turns: 12340, Time: 00:53:43

Health: -20/44     AC:  5    Str:  7    XL:     9   Next: 66%
Magic:  0/17       EV: 26    Int: 12    God:    Gozag
Gold:   434        SH:  8    Dex: 26    Spells: 7/17 levels left

rFire    . . .     SeeInvis +   h - +2 dagger (venom)
rCold    . . .     Faith    .   j - +0 buckler
rNeg     . . .     Spirit   +   b - +0 robe
rPois    .         Reflect  .   (helmet restricted)
rElec    .         Harm     .   c - +2 cloak
rCorr    .         Rampage  .   (gloves unavailable)
Will     ++...                  (boots unavailable)
Stlth    +++++.....             n - amulet of guardian spirit
HPRegen  0.14/turn              s - +4 ring of evasion
MPRegen  0.15/turn              F - ring of Eseef {Will+ Dex+6}

@: very quick
A: very small, no large weapons, unfitting armour, see invisible, speed 3
a: Renounce Religion, Potion Petition, Call Merchant, Bribe Branch


You were on level 8 of the Dungeon.
You worshipped Gozag.
Gozag was aware of your devotion.
You visited 2 branches of the dungeon, and saw 9 of its levels.
You also visited: Ossuary.

You collected 1108 gold pieces.
You spent 579 gold pieces at shops.
You paid 95 gold pieces to Gozag.

Inventory:

Hand Weapons
 a - a +2 dagger
 h - a +2 dagger of venom (weapon)
 t - a +0 hunting sling
Missiles
 d - 26 poisoned darts (quivered)
 e - 3 curare-tipped darts
 g - 138 stones
 i - a throwing net
 k - 25 sling bullets
Armour
 b - a +0 robe (worn)
 c - a +2 cloak (worn)
 j - a +0 buckler (worn)
Jewellery
 n - an amulet of guardian spirit (around neck)
 s - a +4 ring of evasion (left hand)
 C - a +6 ring of strength
 D - a +4 ring of protection
 E - a +6 ring of strength
 F - the ring of Eseef (right hand) {Will+ Dex+6}
   (You bought it in a shop on level 1 of the Dungeon)

   [ring of willpower]

   Dex:       It affects your dexterity (+6).
   Will:      It increases your willpower.
Wands
 H - a wand of iceblast (14)
Scrolls
 f - 8 scrolls of teleportation
 m - a scroll of enchant armour
 x - a scroll of amnesia
 y - 4 scrolls of magic mapping
Potions
 l - a potion of cancellation
 o - a potion of ambrosia
 p - 4 potions of curing
 q - a potion of mutation
 r - 2 potions of lignification {unknown}
 u - 2 potions of heal wounds {unknown}
 v - 4 potions of haste
 w - 2 potions of degeneration {unknown}
 z - 3 potions of brilliance {unknown}
 A - 2 potions of magic {unknown}
 B - a potion of might {unknown}
 G - 2 potions of flight {unknown}


   Skills:
 + Level 3.4 Fighting
 + Level 4.6 Short Blades
 + Level 3.7(5.0) Slings
 + Level 4.1(4.6) Throwing
 * Level 5.5 Dodging
 * Level 10.3 Stealth
 * Level 3.0 Shields
 * Level 4.9 Spellcasting
 * Level 2.8 Conjurations
 * Level 4.5 Hexes
 * Level 2.7 Fire Magic
 * Level 1.1 Evocations


You had 7 spell levels left.
You knew the following spells:

 Your Spells              Type           Power      Damage    Failure   Level
a - Dazzling Flash        Conj/Hex       22%        N/A       17%         3
b - Conjure Flame         Conj/Fire      9%         6-21      26%         3
c - Sticky Flame          Conj/Fire      9%         2d3       63%         4

Your spell library contained the following spells:

 Spells                   Type           Power      Damage    Failure   Level
 Ignite Poison            Fire/Tmut/Pois 5%         N/A       50%         3
 Silence                  Hex/Air        4%         N/A       96%         5
 Agony                    Necr           2%         N/A       100%        5


Dungeon Overview and Level Annotations

Branches:
Dungeon (8/15)             Temple (1/1) D:5         Ossuary (visited)
   Lair: D:8-11

Altars:
Ashenzari
Cheibriados
Dithmenos
Elyvilon
Fedhas
Gozag
Hepliaklqana
Makhleb
Okawaru
Qazlal
Ru
Sif Muna
Trog
Vehumet
Wu Jian
Yredelemnul
Zin
The Shining One

Shops:
D:1 =[=?


Innate Abilities, Weirdness & Mutations

You are very small and have problems with some larger weapons.
You are too small for most types of armour.
You have supernaturally acute eyesight. (SInv)
You cover ground extremely quickly. (Speed+++)


Message History

Aim: a yak (severely wounded, very poisoned, 77% to hit)
You throw a poisoned dart.
The poisoned dart barely misses the yak.
You hit the yak but do no damage.
The yak looks as sick as possible!
The yak is severely wounded.
You block the yak's attack.
You hit the yak but do no damage.
The yak looks as sick as possible!
The yak is almost dead.
The yak misses you.
You hit the yak but do no damage.
The yak looks as sick as possible!
The yak is almost dead.
You hit the yak but do no damage.
The yak is almost dead.
The yak completely misses you.
You hit the yak but do no damage.
The yak is almost dead.
You kill the yak!
Your Shields skill increases to level 3!
Your Evocations skill increases to level 1!
You now have 425 gold pieces (gained 15).
You start waiting.
Done waiting.
d - 23 poisoned darts (gained 1)
d - 24 poisoned darts (gained 1)
d - 25 poisoned darts (gained 1)
d - 26 poisoned darts (gained 1)
You now have 434 gold pieces (gained 9).
There is a stone staircase leading down here.
You climb downwards.
A bat zombie comes into view.
The death yak gores you! The death yak gores you!!
The bat zombie moves out of view.
There is a stone staircase leading up, spattered with blood here.
There are monsters nearby!
Unknown command.
The death yak gores you!!
* * * LOW HITPOINT WARNING * * *
The death yak gores you!!
You die...
Your body crumbles into a pile of gold.

#.####.## ##.##...### ##.#..#..#
######..##.....#
.........###..#...........##
#.#......##..........#.....#
#..........#..#......###...##
##.........#................##
##........#.................#
##...........................#
#..............Y@Y....########
##.........#.........##
#........##....$....#
##...............$...#
#.................(..### ####
#.............####.....# ###..#
.................##.##.###....#
.....................$........# #
...................##.........##.


You could see 2 death yaks.

Vanquished Creatures
  Prince Ribbit (D:6)
  A hornet (D:6)
  A yak (D:7)
  A steam dragon (D:7)
  Menkaure (Ossuary)
  Edmund (D:6)
  2 water moccasins
  An orc warrior (D:6)
  A sky beast (D:7)
  2 ice beasts (D:6)
  A centaur (D:5)
  A kobold brigand (D:7)
  A phantom (D:6)
  4 scorpions
  4 killer bees (D:7)
  A water moccasin skeleton (D:5)
  3 wights (D:7)
  2 howler monkeys (D:4)
  A centaur skeleton (D:4)
  3 hounds
  A gnoll shaman (D:5)
  3 orc priests
  A bullfrog skeleton (D:6)
  Natasha (thrice) (D:4)
  4 iguanas
  4 orc wizards
  A hound skeleton (D:4)
  3 mummies (Ossuary)
  8 gnolls
  7 adders
  A shadow imp (D:5)
  A white imp (D:7)
  An ufetubus (D:5)
  2 worms
  3 dart slugs
  11 orcs
  5 ball pythons
  4 bats
  6 endoplasms
  2 giant cockroaches
  A gnoll zombie (Ossuary)
  5 goblins (D:1)
  7 hobgoblins
  4 jackals (D:3)
  A quokka (D:4)
  4 frilled lizards
  2 gnoll skeletons (Ossuary)
  3 goblin skeletons (Ossuary)
  4 goblin zombies
  4 hobgoblin skeletons (Ossuary)
  8 hobgoblin zombies (Ossuary)
  18 kobolds
  5 kobold skeletons (Ossuary)
  6 kobold zombies (Ossuary)
  7 orc skeletons (Ossuary)
  3 orc zombies (Ossuary)
  A quokka zombie (D:5)
  5 rats
  4 rat skeletons (Ossuary)
  4 rat zombies (Ossuary)
200 creatures vanquished.

Vanquished Creatures (others)
  A wizard (D:6)
  A butterfly (D:5)
  11 plants (D:3)
13 creatures vanquished.

Grand Total: 213 creatures vanquished

Notes
Turn   | Place    | Note
-------+----------+-------------------------------------------
     0 | D:1      | styxcanada the Spriggan Brigand began the quest for the
                  | Orb.
     0 | D:1      | Reached XP level 1. HP: 10/10 MP: 2/2
    82 | D:1      | Reached skill level 6 in Stealth
    84 | D:1      | Found Amny's Magic Scroll Emporium.
   276 | D:1      | Found Meank's Jewellery Boutique.
   286 | D:1      | Reached XP level 2. HP: 13/14 MP: 3/3
   337 | D:1      | Found Veckam Fegy's Armour Shoppe.
   374 | D:1      | Found Mamiber's Jewellery Shop.
  1133 | D:1      | Reached XP level 3. HP: 14/18 MP: 4/4
  1554 | D:2      | Found a glowing golden altar of the Shining One.
  1983 | D:2      | Found a faded altar of an unknown god.
  2165 | D:2      | Learned a level 3 spell: Dazzling Flash
  2178 | D:2      | Reached skill level 7 in Stealth
  2817 | D:3      | Reached XP level 4. HP: 23/23 MP: 6/6
  2976 | D:3      | Found a snail-covered altar of Cheibriados.
  3061 | D:3      | Found a hazy altar of Hepliaklqana.
  3121 | D:3      | Reached skill level 1 in Spellcasting
  3130 | D:3      | Reached XP level 5. HP: 26/26 MP: 7/7
  3687 | D:4      | Reached skill level 1 in Shields
  3702 | D:4      | Reached skill level 1 in Hexes
  3928 | D:4      | Reached skill level 8 in Stealth
  3944 | D:4      | Reached XP level 6. HP: 25/30 MP: 9/9
  4379 | D:4      | Noticed Natasha
  4386 | D:4      | Killed Natasha
  4387 | D:4      | Reached skill level 1 in Conjurations
  4431 | D:4      | Learned a level 3 spell: Conjure Flame
  4481 | D:4      | Noticed Natasha
  4519 | D:4      | Killed Natasha
  4703 | D:4      | Noticed Natasha
  4716 | D:4      | Killed Natasha
  4944 | D:5      | Entered Level 5 of the Dungeon
  5000 | D:5      | Reached XP level 7. HP: 30/35 MP: 9/11
  5041 | D:5      | Found an iron altar of Okawaru.
  5082 | D:5      | Found a staircase to the Ecumenical Temple.
  5083 | D:5      | Found a sand-covered staircase.
  5088 | Temple   | Entered the Ecumenical Temple
  5132 | Temple   | Became a worshipper of Gozag Ym Sagoz the Greedy
  5203 | Ossuary  | Entered an ossuary
  6393 | Ossuary  | Noticed Menkaure
  6423 | Ossuary  | Killed Menkaure
  6424 | Ossuary  | Reached skill level 1 in Slings
  6889 | D:5      | Reached skill level 1 in Fire Magic
  7206 | D:5      | Reached skill level 9 in Stealth
  7206 | D:5      | Reached XP level 8. HP: 39/39 MP: 11/13
  7345 | D:5      | Found a white marble altar of Elyvilon.
  7605 | D:5      | Found a blossoming altar of Fedhas.
  7958 | D:6      | Noticed a hornet
  7970 | D:6      | Killed a hornet
  9075 | D:6      | Noticed Prince Ribbit
  9082 | D:6      | Killed Prince Ribbit
  9083 | D:6      | Reached skill level 5 in Dodging
  9083 | D:6      | Reached XP level 9. HP: 44/44 MP: 16/16
  9268 | D:6      | Noticed Edmund
  9301 | D:6      | Killed Edmund
  9529 | D:1      | Bought the ring of Eseef {Will+ Dex+6} for 579 gold pieces
  9861 | D:6      | Found a bloodstained altar of Trog.
  9863 | D:6      | Noticed a wizard
  9870 | D:6      | Killed a wizard
 10765 | D:7      | Reached skill level 10 in Stealth
 11621 | D:7      | Learned a level 4 spell: Sticky Flame
 11683 | D:8      | Noticed a two-headed ogre
 11707 | D:8      | Noticed a death yak
 11709 | D:8      | Noticed a death yak
 12158 | D:8      | Noticed a death yak
 12212 | D:7      | Reached skill level 1 in Evocations
 12340 | D:8      | HP: 1/44 [death yak (19)]
 12340 | D:8      | Demolished by a death yak

Illustrated notes

Levels and vault maps discovered:
D:1:      matt_arrival_los_fun, layout_basic, serial_shops, shop,
          nicolae_shop_waterfront, shop, shop
D:2:      layout_basic, hellmonk_ecumenical_altar_blasted, basic_altar,
          serial_aquarium, aquarium_bridge_square [aquarium_subvault_wall,
          aquarium_subvault_bridge, aquarium_subvault_window,
          aquarium_subvault_bridge], aquarium_bridge_island_small
          [aquarium_subvault_small_open, aquarium_subvault_bridge,
          aquarium_subvault_bridge, aquarium_subvault_bridge,
          aquarium_subvault_bridge], aquarium_window_1, aquarium_window_2,
          aquarium_window_1, aquarium_view_2b, aquarium_balcony_double_1,
          chequers_decorated_corner, lightli_corner_chamber
D:3:      layout_basic, general_overflow_altar,
          nicolae_hepliaklqana_hazy_memory, serial_bayou_ford_a
D:4:      layout_gridville, chequers_serial_rivers_marsh, uniq_natasha
D:5:      layout_basic, fedhas_bush_and_centaur_altar,
          nicolae_elyvilon_peaceful_grove, okawaru_trees_2, enter_ossuary_4
D:6:      layout_basic, trog_wizard, minmay_misc_feat_tower,
          uniq_prince_ribbit1, uniq_edmund
D:7:      layout_basic, serial_rivers, chequers_serial_rivers_micro_d,
          chequers_serial_rivers_small_b, chequers_serial_rivers_room_a,
          chequers_serial_rivers_micro_e, grunt_decor_cap, interstate_on_off
D:8:      layout_cave_pools, lemuel_zombie_altar_kikubaaqudgha,
          xom_teletrap_fun, dpeg_lair_monsters
Temple:   minmay_temple_bridge_abc

Skill      XL: |  1  2  3  4  5  6  7  8  9 |
---------------+----------------------------+-----
Stealth        | 6 7 8 9 10 | 10.3
Dodging        | 2 3 5 |  5.5
Spellcasting   | 1 2 3 4 |  4.9
Fighting       | 2 3 |  3.4
Short Blades   | 3 4 |  4.6
Shields        | 1 2 3 |  3.0
Hexes          | 1 2 3 4 |  4.5
Conjurations   | 1 2 |  2.8
Slings         | 2 3 |  3.7
Fire Magic     | 1 2 |  2.7
Throwing       | 3 4 |  4.1
Evocations     | 1 |  1.1

Action                   |  1- 3 |  4- 6 |  7- 9 || total
-------------------------+-------+-------+-------++-------
Melee: Dagger            |   113 |   149 |   497 ||   759
 Fire: Hunting sling     |       |       |   114 ||   114
Throw: Dart              |    21 |    35 |    79 ||   135
       Stone             |       |       |     1 ||     1
Evoke: Wand              |       |       |     2 ||     2
  Use: Scroll            |       |     5 |    10 ||    15
       Potion            |       |       |     1 ||     1
 Stab: Sleeping          |    18 |     5 |     9 ||    32
       Distracted        |       |     1 |     3 ||     4
Armor: Robe              |    12 |     9 |    37 ||    58
Dodge: Dodged            |    40 |   107 |   299 ||   446
Block: Buckler           |    14 |    35 |   126 ||   175
